 Dungeon Crawl Stone Soup version 0.28-a0-828-g0121872642 (webtiles) character file.

Game seed: 4413765375157808180

12740 Zenkrye the Martial Artist (level 11, 0/75 HPs)
             Began as an Octopode Transmuter on Nov 10, 2021.
             Was a Priest of Uskayaw.
             Slain by a naga (18 damage)
             ... on level 2 of the Lair of Beasts.
             The game lasted 00:51:32 (15596 turns).

Zenkrye the Martial Artist (Octopode Transmuter)   Turns: 15596, Time: 00:51:33

Health: 0/75       AC:  2    Str: 16    XL:     11   Next: 98%
Magic:  17/18      EV: 24    Int: 19    God:    Uskayaw [***...]
Gold:   600        SH:  0    Dex: 17    Spells: 7/19 levels left

rFire   x . .      SeeInvis +     - Unarmed
rCold   + . .      Faith    .   (shield currently unavailable)
rNeg    . . .      Spirit   .   (helmet currently unavailable)
rPois   .          Reflect  .   (no amulet)
rElec   .          Harm     .   k - +6 ring of strength
rCorr   .          Rampage  .   r - ring of see invisible
Will    .....                   o - ring of poison resistance
Stlth   ++........              c - ring of ice
HPRegen 0.22/turn               D - ring of flight
MPRegen 0.16/turn               (no ring)
                                (no ring)
                                (no ring)

@: spider-form, flying
A: venomous fangs, almost no armour, (amphibious), 8 rings, tiny, (camouflage
1), (gelatinous body 1), (nimble swimmer 1), (tentacles)
a: End Transformation, Renounce Religion, Stomp, Line Pass


You were on level 2 of the Lair of Beasts.
You worshipped Uskayaw.
Uskayaw was noncommittal.
You were a venomous arachnid creature.
You visited 3 branches of the dungeon, and saw 13 of its levels.

You collected 600 gold pieces.

Inventory:

Hand Weapons
 w - a +3 hunting sling of flaming (melded) {@w2}
Missiles
 a - 67 sling bullets
 b - 36 poisoned darts (quivered)
 y - 2 boomerangs
 C - a curare-tipped dart
Armour
 d - a +0 buckler
 g - a +0 kite shield
 K - a +0 hat (melded)
Magical Staves
 e - a staff of air
 f - a staff of poison
Jewellery
 c - a ring of ice (on tentacle)
 k - a +6 ring of strength (left front leg)
 m - an amulet of faith
 o - a ring of poison resistance (on tentacle)
 r - a ring of see invisible (right front leg)
 D - a ring of flight (on tentacle)
Wands
 p - a wand of polymorph (8)
 s - a wand of paralysis (8)
 u - a wand of digging (12) {@v1}
 x - a wand of iceblast (2) {@v4}
 I - a wand of mindburst (10)
Scrolls
 j - 2 scrolls of immolation
 l - a scroll of amnesia
 q - 3 scrolls of teleportation {@r3}
 t - 2 scrolls of magic mapping
 J - a scroll of fog
Potions
 h - 2 potions of mutation
 n - 4 potions of curing {@q1}
 v - a potion of magic
 z - 2 potions of cancellation
 A - 2 potions of might {@q4}
 B - 2 potions of haste {@q3}
 E - a potion of ambrosia {unknown}
 L - 2 potions of heal wounds {@q2}


   Skills:
 + Level 7.4 Fighting
 + Level 7.6 Dodging
 * Level 10.5 Unarmed Combat
 + Level 4.7 Spellcasting
 - Level 8.0 Transmutations
 - Level 5.0 Ice Magic
 - Level 2.0 Poison Magic
 + Level 5.8 Invocations
 + Level 2.6 Evocations


You had 7 spell levels left.
You knew the following spells:

 Your Spells              Type           Power      Damage    Failure   Level
b - Spider Form           Tmut/Pois      23%        N/A       14%         3
c - Ice Form              Ice/Tmut       43%        N/A       22%         4
d - Wereblood             Tmut           34%        N/A       4%          2
o - Ozocubu's Armour      Ice            35%        N/A       14%         3

Your spell library contained the following spells:

 Spells                   Type           Power      Damage    Failure   Level
 Beastly Appendage        Tmut           68%        N/A       3%          1
 Dazzling Flash           Conj/Hex       8%         N/A       58%         3
 Inner Flame              Hex/Fire       4%         N/A       58%         3
 Cause Fear               Hex            2%         N/A       90%         4
 Leda's Liquefaction      Hex/Erth       2%         N/A       90%         4
 Metabolic Englaciation   Hex/Ice        10%        N/A       90%         5
 Eringya's Noxious Bog    Tmut/Pois      11%        N/A       98%         6
 Summon Forest            Summ/Tloc      2%         N/A       99%         5
 Iron Shot                Conj/Erth      2%         9d2       100%        6
 Simulacrum               Ice/Necr       10%        N/A       100%        6
 Summon Hydra             Summ           2%         N/A       100%        7
 Discord                  Hex            2%         N/A       100%        8


Dungeon Overview and Level Annotations

Branches:
Dungeon (10/15)            Temple (1/1) D:5            Lair (2/6) D:9
  Swamp: Lair:2-4    Shoals: Lair:2-4     Snake: Lair:2-4    Spider: Lair:2-4
    Orc: D:9-12

Altars:
Ashenzari
Cheibriados
Dithmenos
Elyvilon
Fedhas
Hepliaklqana
Kikubaaqudgha
Makhleb
Nemelex Xobeh
Okawaru
Qazlal
Ru
Sif Muna
Trog
Uskayaw
Vehumet
Wu Jian
Xom
Yredelemnul
Zin
The Shining One

Shops:
D:4 *

Annotations:
D:4 1 runed translucent door, cheechan's ghost, amateur NaFi
D:8 Maggie


Innate Abilities, Weirdness & Mutations

You are a venomous arachnid creature.
You have poisonous fangs.
You are tiny and dextrous.
Your spellcasting is less reliable in this form.
Your armour is entirely melded.
You are incapable of wielding weapons or throwing items.
You cannot wear most types of armour.
((You are amphibious.))
You can wear up to eight rings at the same time.
((Your skin changes colour to match your surroundings (Stealth+).))
((Your rubbery body absorbs attacks. (AC +1, EV +1)))
((You are camouflaged near water. (Stealth+)))
((You have tentacles for arms and can constrict up to eight enemies at once.))


Message History

The cane toad is almost dead.
You kill the cane toad!
The bullfrog completely misses you.
You can now pass through a line of other dancers.
You completely miss the bullfrog. The bullfrog completely misses you.
A bullfrog comes into view.
The bullfrog gives a loud, deep croak!
You bite the bullfrog!
The bullfrog is poisoned.
The bullfrog is moderately wounded.
The bullfrog misses you.
You barely miss the bullfrog.
The bullfrog is heavily wounded.
The bullfrog closely misses you.
You maul the bullfrog!!
You kill the bullfrog!
You hit the bullfrog.
The bullfrog is poisoned.
The bullfrog is lightly wounded.
The bullfrog completely misses you.
A naga comes into view. It is wielding a +0 dire flail.
You barely miss the bullfrog.
The bullfrog is lightly wounded.
The bullfrog hits you! The bullfrog closely misses you.
You hit the bullfrog.
The bullfrog looks as sick as possible!
The bullfrog is heavily wounded.
The bullfrog completely misses you.
Uskayaw will force your foes to helplessly watch your dance.
Uskayaw prepares the audience for your solo!
The helpless bullfrog fails to defend itself.
You hit the bullfrog.
You kill the bullfrog!
The naga is no longer paralysed.
The naga spits poison at you. The splash of poison misses you.
The naga hits you with a +0 dire flail!!
* * * LOW HITPOINT WARNING * * *
The naga completely misses you.
You maul the naga!!
The naga looks as sick as possible!
The naga is severely wounded.
The naga hits you with a +0 dire flail!!
You die...

#...... ##...#.......##
#...... #....#†..(...#
#......####...##.......#
...............#.......#P
.....(.†.................
.........[...............
..................#.#.#.#
................##.....##
........s.......# .#..#.#
........N.........(......
................#...8....
................+........
......^.........# ##
...#....#.##.....#
....#...### .....#
....#..## ...... .. #..
....


You could see a naga (extremely poisoned).

Vanquished Creatures
  Gastronok (Lair:1)
  2 hydras (Lair:1)
  A black mamba (Lair:1)
  3 cane toads
  A torpor snail (Lair:2)
  2 rime drakes
  3 komodo dragons
  A polar bear (Lair:1)
  5 blink frogs (Lair:1)
  10 yaks
  2 steam dragons (D:7)
  A basilisk (Lair:1)
  6 water moccasins
  An orc warrior (D:7)
  2 hornet zombies
  2 ice beasts
  6 black bears
  A sky beast (D:7)
  2 ogres
  4 centaurs (D:9)
  6 wolves (Lair:1)
  A kobold brigand (D:7)
  8 bullfrogs
  A gnoll sergeant (D:3)
  A scorpion (D:6)
  7 wights
  5 howler monkeys
  2 bullfrog zombies
  3 centaur zombies
  A hound (D:4)
  2 orc priests
  A gnoll shaman (D:9)
  3 iguanas
  Ijyb (D:3)
  6 orc wizards
  11 gnolls
  A howler monkey zombie (D:9)
  15 adders
  2 shadow imps
  A white imp (D:8)
  20 orcs
  5 ball pythons
  8 bats
  7 endoplasms
  7 giant cockroaches
  2 goblins (D:1)
  5 hobgoblins
  3 jackals (D:2)
  3 quokkas
  A frilled lizard (D:1)
  13 kobolds
  2 rats
210 creatures vanquished.

Vanquished Creatures (others)
  58 fungi
  47 plants
105 creatures vanquished.

Grand Total: 315 creatures vanquished

Notes
Turn   | Place    | Note
-------+----------+-------------------------------------------
     0 | D:1      | Zenkrye the Octopode Transmuter began the quest for the
                  | Orb.
     0 | D:1      | Reached XP level 1. HP: 13/13 MP: 3/3
   455 | D:1      | Reached XP level 2. HP: 18/18 MP: 3/5
  1410 | D:2      | Reached XP level 3. HP: 24/24 MP: 4/6
  1417 | D:2      | Learned a level 3 spell: Spider Form
  1699 | D:2      | Reached skill level 1 in Poison Magic
  2062 | D:2      | Reached XP level 4. HP: 16/29 MP: 5/7
  2759 | D:3      | Noticed Ijyb
  2773 | D:3      | Killed Ijyb
  2774 | D:3      | Reached XP level 5. HP: 28/34 MP: 5/8
  3311 | D:3      | Reached XP level 6. HP: 5/39 MP: 6/10
  3835 | D:3      | Learned a level 4 spell: Ice Form
  3845 | D:3      | Got Xoerch's Reference Book on the Dusty Oath
  3971 | D:4      | Reached skill level 4 in Unarmed Combat
  4653 | D:4      | Found Juminina's Assorted Antiques.
  4882 | D:4      | Found a runed translucent door.
  4883 | D:4      | Noticed cheechan's ghost (amateur NaFi)
  4883 | D:4      | Noticed a wyvern
  5282 | D:4      | Reached skill level 1 in Ice Magic
  5475 | D:5      | Entered Level 5 of the Dungeon
  5537 | D:5      | Reached XP level 7. HP: 44/45 MP: 4/11
  6350 | D:5      | Reached skill level 5 in Unarmed Combat
  6451 | D:5      | Found a staircase to the Ecumenical Temple.
  6461 | Temple   | Entered the Ecumenical Temple
  6677 | Temple   | Became a worshipper of Uskayaw the Reveller
  6922 | D:5      | Reached * piety under Uskayaw
  6924 | D:5      | Reached ** piety under Uskayaw
  7493 | D:6      | Reached XP level 8. HP: 53/53 MP: 7/12
  8030 | D:6      | Learned a level 3 spell: Ozocubu's Armour
  8419 | D:7      | Reached skill level 5 in Transmutations
  8629 | D:7      | HP: 1/54 [steam dragon/ball of steam (18)]
  9152 | D:7      | Reached skill level 6 in Unarmed Combat
  9158 | D:7      | Reached *** piety under Uskayaw
  9164 | D:7      | Reached XP level 9. HP: 29/59 MP: 6/13
  9441 | D:7      | Reached skill level 1 in Invocations
 10399 | D:8      | Learned a level 2 spell: Wereblood
 10401 | D:8      | You fall into a shaft and drop 2 floors!
 10401 | D:10     | Entered Level 10 of the Dungeon
 10401 | D:10     | Noticed a deep elf pyromancer
 10484 | D:9      | Found a staircase to the Lair.
 10485 | D:9      | Noticed a komodo dragon
 10621 | D:9      | Killed a komodo dragon
 10622 | D:9      | Reached skill level 5 in Fighting
 10622 | D:9      | Reached skill level 5 in Dodging
 10622 | D:9      | Reached skill level 7 in Unarmed Combat
 10952 | D:8      | Noticed Maggie
 11576 | D:9      | Reached XP level 10. HP: 53/66 MP: 9/14
 11986 | D:9      | Reached skill level 8 in Unarmed Combat
 11996 | D:9      | Noticed a centaur warrior
 12445 | D:9      | Reached **** piety under Uskayaw
 12448 | D:9      | Reached ***** piety under Uskayaw
 12612 | D:9      | Identified the +3 scale mail "Paikieko" {Stlth+}
 12679 | D:9      | Noticed a manticore
 12704 | Lair:1   | Entered Level 1 of the Lair of Beasts
 12730 | Lair:1   | Reached skill level 5 in Ice Magic
 13177 | Lair:1   | Reached skill level 9 in Unarmed Combat
 13443 | Lair:1   | Noticed Gastronok
 13548 | Lair:1   | Reached skill level 5 in Invocations
 13555 | Lair:1   | Reached XP level 11. HP: 59/74 MP: 9/16
 13811 | Lair:1   | Noticed a five-headed hydra
 13817 | Lair:1   | Killed a five-headed hydra
 14288 | Lair:1   | Reached skill level 10 in Unarmed Combat
 14288 | Lair:1   | Reached skill level 1 in Evocations
 14547 | Lair:1   | Noticed a four-headed hydra
 14558 | Lair:1   | Killed a four-headed hydra
 14647 | Lair:1   | Killed Gastronok
 15400 | Lair:2   | Noticed a death yak
 15416 | Lair:2   | Noticed a death yak
 15596 | Lair:2   | Slain by a naga

Illustrated notes

Levels and vault maps discovered:
D:1:      evilmike_arrival_crescent, layout_basic
D:2:      layout_basic
D:3:      layout_basic, serial_bayou_crossing, uniq_ijyb
D:4:      layout_loops_corners, ebering_ghost_inner_flame, serial_shops,
          nicolae_shop_statue_plus, minmay_misc_feat_diagonals
D:5:      layout_rooms, minmay_temple_entry_drinking_statues
D:6:      layout_basic
D:7:      layout_loops_ring, nrook_uturn, chequers_decorated_corner
D:8:      layout_cave_pools, uniq_maggie
D:9:      layout_layer_cave, due_lair_maze_entry_diamond,
          kennysheep_orc_monster_closet_entryway, minmay_bent,
          uniq_prince_ribbit1
D:10:     layout_cave_pools, nicolae_gozag_cash_rules_everything_around_me,
          gammafunk_ghost_split
Temple:   mainiacjoe_temple_archimedes_tessellation
Lair:1:   layout_chaotic_city, nzn_random_ring, infiniplex_staircase_pool,
          grunt_megastairs_2, uniq_gastronok
Lair:2:   layout_long_grid, swamp_mist, minmay_snake_entry_guardpost_small,
          grunt_megastairs_1, uniq_urug

Skill      XL: |  1  2  3  4  5  6  7  8  9 10 11 |
---------------+----------------------------------+-----
Fighting       | 2 3 4 5 6 7 |  7.4
Poison Magic   | 1 2 |  2.0
Transmutations | 3 4 5 6 7 8 |  8.0
Spellcasting   | 3 4 |  4.7
Unarmed Combat | 4 5 6 7 9 10 | 10.5
Ice Magic      | 1 2 4 5 |  5.0
Dodging        | 3 4 5 6 7 |  7.6
Invocations    | 3 5 |  5.8
Evocations     | 2 |  2.6

Action                   |  1- 3 |  4- 6 |  7- 9 | 10-12 || total
-------------------------+-------+-------+-------+-------++-------
Melee: Unarmed           |    67 |    97 |   218 |   209 ||   591
       Constrict         |    16 |     8 |     1 |       ||    25
       Kick              |    10 |     8 |       |       ||    18
       Tentacles         |    10 |     3 |     1 |       ||    14
       Staff             |       |       |     1 |       ||     1
 Fire: Hunting sling     |       |       |    76 |    47 ||   123
Throw: Dart              |    69 |    80 |    57 |       ||   206
 Cast: Beastly Appendage |    21 |    13 |       |       ||    34
       Spider Form       |       |    17 |    32 |    11 ||    60
       Ice Form          |       |       |    14 |    11 ||    25
       Ozocubu's Armour  |       |       |     4 |    10 ||    14
       Wereblood         |       |       |       |     5 ||     5
 Abil: End Transformatio |       |       |     4 |     2 ||     6
Evoke: Wand              |       |       |     3 |       ||     3
  Use: Scroll            |     1 |     7 |     8 |     8 ||    24
       Potion            |       |     2 |     2 |       ||     4
 Stab: Sleeping          |     1 |       |       |       ||     1
       Paralysed         |       |       |     3 |    27 ||    30
       Distracted        |       |       |     1 |       ||     1
Armor: Skin              |     2 |     3 |    43 |    47 ||    95
Dodge: Dodged            |    43 |    82 |   178 |   169 ||   472

Table legend: (Time is in decaauts)
 A = Elapsed time spent in this place.
 B = Non-inter-level travel time spent in this place.
 C = Inter-level travel time spent in this place.
 D = Time resting spent in this place.
 E = Time spent auto-exploring this place.
 F = Levels seen in this place.
 G = Mean time per level.
                   A        B        C        D        E       F      G
               +--------+--------+--------+--------+--------+-----+--------+
         Total |  15561 |  14939 |    622 |   2054 |  10307 |  13 | 1197.0 |
       Dungeon |  12415 |  11925 |    490 |   1531 |   8302 |  10 | 1241.5 |
        Temple |    266 |    197 |     69 |      0 |    175 |   1 |  266.0 |
          Lair |   2879 |   2816 |     63 |    523 |   1830 |   2 | 1439.5 |
               +--------+--------+--------+--------+--------+-----+--------+

Top non-repeatable levels by time:
  Lair:1: 2549 daAuts
     D:4: 1977 daAuts
     D:7: 1772 daAuts
     D:9: 1704 daAuts
     D:3: 1654 daAuts
     D:6: 1325 daAuts
     D:2: 1211 daAuts
     D:1: 1023 daAuts
     D:5: 917 daAuts
     D:8: 749 daAuts
  Lair:2: 329 daAuts
  Temple: 266 daAuts
    D:10: 78 daAuts
